 Dungeon Crawl Stone Soup version 0.30-a0-808-g6e0788376e (webtiles) character file.

Game seed: 7873165992408248473

44 bmack86 the Covered (level 3, -11/33 HPs)
             Began as a Minotaur Fighter on Feb 26, 2023.
             Mangled by a gnoll
             ... wielding a +0 halberd
              (12 damage)
             ... on level 2 of the Dungeon.
             The game lasted 00:01:46 (1105 turns).

bmack86 the Covered (Minotaur Fighter)              Turns: 1105, Time: 00:01:47

Health: -11/33     AC:  8    Str: 22    XL:     3   Next: 39%
Magic:  0/2        EV:  9    Int:  5    God:
Gold:   133        SH:  4    Dex:  9    Spells: 2/2 levels left

rFire   . . .      SeeInvis .    a - +0 war axe
rCold   . . .      Faith    .    c - +0 buckler
rNeg    . . .      Spirit   +    b - +0 scale mail
rPois   .          Reflect  .    (helmet restricted)
rElec   .          Harm     .    p - +0 cloak
rCorr   .          Rampage  .    (no gloves)
Will    .....                    (no boots) Stlth
                                 e - amulet of guardian spirit
HPRegen 0.25/turn                (no ring)
MPRegen 0.08/turn                (no ring)

@: no status effects
A: horns 2, retaliatory headbutt
a: no special abilities


You were on level 2 of the Dungeon.
You visited 1 branch of the dungeon, and saw 2 of its levels.

You collected 133 gold pieces.

Inventory:

Hand Weapons
 a - a +0 war axe (weapon)
Armour
 b - a +0 scale mail (worn)
 c - a +0 buckler (worn)
 p - a +0 cloak (worn)
Jewellery
 e - an amulet of guardian spirit (around neck)
Scrolls
 f - a scroll of blinking {unknown}
 g - a scroll of enchant armour {unknown}
 i - a scroll of poison {unknown}
 k - a scroll of acquirement {unknown}
 l - 2 scrolls of teleportation {unknown}
Potions
 d - 2 potions of might
 h - a potion of curing {unknown}
 j - a potion of heal wounds {unknown}
 m - a potion of flight {unknown}
 n - 2 potions of degeneration {unknown}
 o - a potion of invisibility {unknown}


   Skills:
 + Level 4.0 Fighting
 * Level 3.5 Axes
 + Level 4.1 Armour
 + Level 4.0 Shields


You had 2 spell levels left.
You didn't know any spells.
Your spell library contained the following spells:

 Spells                   Type           Power      Damage    Failure   Level
 Summon Small Mammal      Summ           0%         N/A       87%         1
 Call Canine Familiar     Summ           0%         N/A       99%         3
 Dazzling Flash           Conj/Hex       0%         N/A       99%         3
 Summon Guardian Golem    Hex/Summ       0%         N/A       99%         3
 Iskenderun's Mystic Bla  Conj/Tloc      0%         2d3       100%        4
 Starburst                Conj/Fire      0%         6d3       100%        6


Dungeon Overview and Level Annotations

Branches:
Dungeon (2/15)

Altars:


Innate Abilities, Weirdness & Mutations

You have a pair of horns on your head.
You reflexively headbutt those who attack you in melee.


Message History

Your Fighting skill increases to level 4!
Your Armour skill increases to level 4!
Your Shields skill increases to level 4!
You have reached level 3!
Your experience leads to an increase in your attributes!
Increase (S)trength, (I)ntelligence, or (D)exterity?
You feel stronger. x2
You escape the ball python's grasp.
You block the frilled lizard's attack.
You see here a +0 whip of flaming.
You hit the ball python but do no damage.
You hit the frilled lizard.
You kill the frilled lizard!
The ball python bites you. The ball python closely misses you.
The gnoll barely misses you. The ball python barely misses you.
The ball python grabs you. The ball python constricts you.
You closely miss the ball python.
The gnoll hits you from afar with a +0 halberd!
The gnoll completely misses you. The ball python barely misses you.
You furiously retaliate!
You headbutt the ball python!
You kill the ball python!
The gnoll hits you but does no damage.
The gnoll hits you from afar with a +0 halberd!
The gnoll closely misses you. The gnoll hits you with a +0 flail.
The gnoll closely misses you.
The gnoll hits you from afar with a +0 halberd.
You block the gnoll's attack. The gnoll barely misses you.
The gnoll closely misses you.
You slash the gnoll!
You kill the gnoll!
You barely miss the gnoll.
The gnoll hits you from afar with a +0 halberd!
* * * LOW HITPOINT WARNING * * *
The gnoll hits you but does no damage. The gnoll hits you but does no damage.
The gnoll completely misses you.
Things that are here:
a +0 halberd; a gnoll corpse You slash the gnoll!
The gnoll is almost dead.
You hit the gnoll. The gnoll hits you with a +0 halberd!
You die...

. #.....##.## ...
#............####
...
####.....##.....#
.#
##..#..##.###......
# ....##.#..# ####.
## ##........(## ..
........)..## . .
#.....g....#### ..
#....g@.....$.. ..#
#....$..........
..#
.................
.#
.#...............
## ##..............
## #...............
... .#
............####
######..
##...........
........


You could see 2 gnolls.

Vanquished Creatures
  An adder (D:2)
  2 gnolls (D:2)
  2 bats
  2 endoplasms
  A giant cockroach (D:2)
  2 goblins
  2 kobolds (D:1)
  2 ball pythons (D:2)
  2 frilled lizards (D:2)
  2 rats (D:1)
18 creatures vanquished.

Notes
Turn   | Place    | Note
-------+----------+-------------------------------------------
     0 | D:1      | bmack86 the Minotaur Fighter began the quest for the Orb.
     0 | D:1      | Reached XP level 1. HP: 19/19 MP: 0/0
   580 | D:1      | Found a faded altar of an unknown god.
   869 | D:2      | Reached XP level 2. HP: 27/27 MP: 1/1
  1098 | D:2      | Reached XP level 3. HP: 33/33 MP: 2/2
  1103 | D:2      | HP: 1/33 [gnoll/+0 halberd (10)]
  1105 | D:2      | Mangled by a gnoll

Illustrated notes

Levels and vault maps discovered:
D:1:      kilobyte_arrival_exit_the_forest, layout_basic,
          shapermc_ecumenical_altar_mp_ritualfount
D:2:      layout_rooms

Skill      XL: |  1  2 |
---------------+-------+-----
Axes           | 3 |  3.5
Fighting       | 4 |  4.0
Armour         | 4 |  4.1
Shields        | 4 |  4.0

Action                     || total
---------------------------++-------
  Melee: War axe           ||    27
         Headbutt          ||     5
 Armour: Scale mail        ||    14
  Dodge: Dodged            ||    28
  Block: Buckler           ||     8

Table legend: (Time is in decaauts)
 A = Elapsed time spent in this place.
 B = Non-inter-level travel time spent in this place.
 C = Inter-level travel time spent in this place.
 D = Time resting spent in this place.
 E = Time spent auto-exploring this place.
 F = Levels seen in this place.
 G = Mean time per level.
                   A        B        C        D        E       F      G
               +--------+--------+--------+--------+--------+-----+--------+
         Total |   1123 |   1065 |     58 |      0 |    784 |   2 |  561.5 |
       Dungeon |   1123 |   1065 |     58 |      0 |    784 |   2 |  561.5 |
               +--------+--------+--------+--------+--------+-----+--------+

Top non-repeatable levels by time:
     D:1: 876 daAuts
     D:2: 247 daAuts
